 Dungeon Crawl Stone Soup version 0.23-a0-143-g1adec7b (webtiles) character file.

84 KristoblXynda the Covered (level 4, 0/40 HPs)
             Began as a Deep Dwarf Fighter on Sept 3, 2018.
             Slain by a worm (7 damage)
             ... on level 2 of the Dungeon.
             The game lasted 00:02:10 (1047 turns).

KristoblXynda the Covered (Deep Dwarf Fighter)      Turns: 1047, Time: 00:02:11

Health: 0/40       AC:  8    Str: 21    XL:     4   Next: 24%
Magic:  4/4        EV:  7    Int:  8    God:
Gold:   25         SH:  9    Dex: 12    Spells: 3/3 levels left

rFire    . . .     SeeInvis .   a - +0 war axe
rCold    . . .     Gourm    .   c - +0 shield
rNeg     . . .     Faith    .   b - +0 scale mail
rPois    .         Spirit   .   (no helmet)
rElec    .         Reflect  .   (no cloak)
rCorr    .         Harm     .   (no gloves)
MR       .....                  l - +0 pair of boots
Stlth    ..........             (no amulet)
HPRegen  0.00/turn              (no ring)
MPRegen  0.09/turn              (no ring)

@: non-regenerating
A: damage resistance, heal wounds, sense surroundings 1, no regeneration
a: Heal Wounds


You were on level 2 of the Dungeon.
You were hungry.

You visited 1 branch of the dungeon, and saw 2 of its levels.

You collected 25 gold pieces.

Inventory:

Hand Weapons
 a - a +0 war axe (weapon)
Armour
 b - a +0 scale mail (worn)
 c - a +0 shield (worn)
 l - a +0 pair of boots (worn)
Jewellery
 e - an uncursed amulet of rage {unknown}
 j - a cursed ring of attention {unknown}
Scrolls
 g - a scroll of noise {unknown}
 h - a scroll of amnesia {unknown}
 i - 3 scrolls of identify {unknown}
 m - a scroll of immolation {unknown}
 n - a scroll of fog {unknown}
 o - a scroll of enchant armour {unknown}
Potions
 d - a potion of might
Comestibles
 f - 4 rations


   Skills:
 - Level 2.6 Fighting
 * Level 3.8 Axes
 + Level 4.0 Armour
 + Level 4.0 Shields


You had 3 spell levels left.
You didn't know any spells.
Your spell library was empty.

Dungeon Overview and Level Annotations

Branches:
Dungeon (2/15)

Altars:


Innate Abilities, Weirdness & Mutations

You are resistant to damage.
You can heal yourself by infusing magical energy.
You passively map a small area around you.
You do not regenerate.


Message History

You open the door.
A bat comes into view.
A bat is nearby!
A bat is nearby!
You hit the bat.
You kill the bat!
A worm comes into view.
There is an open door here.
You see here a bat corpse.
You block the worm's attack.
You slash the worm!
The worm is severely wounded.
You barely miss the worm.
The worm is severely wounded.
The worm bites you.
* * * LOW HITPOINT WARNING * * *
You hit the worm.
The worm is severely wounded.
The worm bites you!
You die...

...#.#................#
*#.....
...#.#................#
#.....
...#..................#
,,#.....
.#.#................#. ,
#.....
.#.#........(.##....#,
#.....
.#.#.#........##....# ,
*#####.
.#.#.#.###'#.###....#,
#. ...#.#.# #.#.###w...#
,,* #. .#####.#
#.#...†@...+ * #.
.#.....#
#.#####....############.
.#.##### #.#
#....##........... .#.#
#.# #######.##########
.#.# #.# #.# .#.# #.#
#.# .#.# #.# #.# .#.#
#.# #.# .#.# #.# #.#


You could see a worm.

Vanquished Creatures
  2 gnolls (D:1)
  2 adders (D:2)
  A worm (D:2)
  A ball python (D:1)
  4 giant cockroaches (D:1)
  3 goblins
  7 hobgoblins
  3 jackals (D:1)
  7 kobolds
  2 quokkas (D:2)
  7 bats
  2 frilled lizards (D:2)
41 creatures vanquished.

Notes
Turn   | Place    | Note
-------+----------+-------------------------------------------
     0 | D:1      | KristoblXynda the Deep Dwarf Fighter began the quest for
                  | the Orb.
     0 | D:1      | Reached XP level 1. HP: 20/20 MP: 1/1
    94 | D:1      | Reached XP level 2. HP: 24/27 MP: 2/2
   233 | D:1      | Reached XP level 3. HP: 28/33 MP: 3/3
   849 | D:2      | Reached XP level 4. HP: 15/40 MP: 4/4
  1047 | D:2      | Slain by a worm

Vault maps used:
D:1:      eino_arrival_druids_welcome, minmay_misc_feat_diagonals,
          minmay_tetromino_l2

Skill      XL: |  1  2  3  4 |
---------------+-------------+-----
Axes           | 3 |  3.8
Armour         | 4 |  4.0
Shields        | 4 |  4.0
Fighting       | |  2.6

Action                   |  1- 3 |  4- 6 || total
-------------------------+-------+-------++-------
Melee: War axe           |    95 |    38 ||   133
Armor: Scale mail        |    64 |    15 ||    79
Dodge: Dodged            |    36 |     8 ||    44
Block: Shield            |    75 |    23 ||    98

Table legend:
 A = Non-vault XP
 B = Vault XP
 C = Vault XP percentage of total XP
 D = Non-vault monster count
 E = Vault monster count
 F = Vault count percentage of total count
                 A         B        C        D         E       F
            +---------+---------+-------+---------+---------+-------
      Total |     105 |      16 |  13.2 |      39 |       2 |   4.9
            +---------+---------+-------+---------+---------+-------
        D:1 |      52 |      16 |  23.5 |      22 |       2 |   8.3
        D:2 |      53 |       0 |   0.0 |      17 |       0 |   0.0
            +---------+---------+-------+---------+---------+-------
